 Dungeon Crawl Stone Soup version 0.27.1 (webtiles) character file.

Game seed: 18369690418887190801

43 garrulousMonolith the Gusty (level 3, 21/27 HPs)
             Began as a Draconian Air Elementalist on Aug 23, 2021.
             Quit the game on level 2 of the Dungeon.
             The game lasted 00:03:08 (1347 turns).

garrulousMonolith the Gusty (DrAE)                  Turns: 1347, Time: 00:03:09

Health: 21/27      AC:  5    Str: 10    XL:     3   Next: 37%
Magic:  1/6        EV: 12    Int: 16    God:
Gold:   45         SH:  5    Dex: 11    Spells: 3/6 levels left

rFire    . . .     SeeInvis .   a - +0 quarterstaff
rCold    . . .     Faith    .   (shield currently unavailable)
rNeg     . . .     Spirit   .   (armour unavailable)
rPois    .         Reflect  +   (helmet restricted)
rElec    .         Harm     .   (no cloak)
rCorr    .         Rampage  .   (no gloves)
Will     .....                  (no boots)
Stlth    ++........             j - amulet of reflection
HPRegen  0.09/turn              (no ring)
MPRegen  0.10/turn              (no ring)

@: no status effects
A: AC +5, unfitting armour, cold-blooded
a: no special abilities


You were on level 2 of the Dungeon.
You visited 1 branch of the dungeon, and saw 2 of its levels.

You collected 45 gold pieces.

Inventory:

Hand Weapons
 a - a +0 quarterstaff (weapon)
 f - a +0 hunting sling
 g - a +0 dagger
Missiles
 h - 40 stones
Jewellery
 j - an amulet of reflection (around neck)
Scrolls
 c - a scroll of identify {unknown}
 d - a scroll of brand weapon {unknown}
 i - 2 scrolls of teleportation {unknown}
Potions
 b - 2 potions of curing {unknown}
 e - a potion of haste {unknown}
 k - a potion of brilliance {unknown}


   Skills:
 + Level 0.9 Fighting
 + Level 2.0 Dodging
 - Level 1.7 Stealth
 + Level 2.2 Spellcasting
 * Level 1.9 Conjurations
 * Level 3.5 Air Magic


You had 3 spell levels left.
You knew the following spells:

 Your Spells              Type           Power      Damage    Failure   Level
a - Shock                 Conj/Air       40%        1d5       7%          1
b - Static Discharge      Conj/Air       10%        N/A       10%         2

Your spell library contained the following spells:

 Spells                   Type           Power      Damage    Failure   Level
 Swiftness                Air            13%        N/A       14%         3
 Conjure Flame            Conj/Fire      4%         6-21      38%         3
 Ignite Poison            Fire/Tmut/Pois 1%         N/A       52%         3
 Airstrike                Air            6%         N/A       43%         4
 Sticky Flame             Conj/Fire      4%         2d3       80%         4
 Alistair's Intoxication  Tmut/Pois      0%         N/A       99%         5
 Borgnjor's Vile Clutch   Necr/Erth      0%         N/A       99%         5
 Eringya's Noxious Bog    Tmut/Pois      0%         N/A       100%        6


Dungeon Overview and Level Annotations

Branches:
Dungeon (2/15)

Altars:

Shops:
D:2 (


Innate Abilities, Weirdness & Mutations

Your plain brown scales are hard. (AC +5)
You cannot fit into any form of body armour.
You are cold-blooded and may be slowed by cold attacks.


Message History

You block the adder's attack.
You hit the adder.
The adder is moderately wounded.
The adder bites you. x2
Unknown command.
Unknown command.
Casting: Shock (safe; 7% risk of failure)
Confirm with . or Enter, or press ? or * to list all spells.
Aiming: Shock (safe; 7% risk of failure)
Press: ? - help, Shift-Dir - straight line, f/p - adder
Aim: an adder (moderately wounded, 48% to hit)
The zap misses the adder.
You block the adder's attack.
You closely miss the adder.
The adder is moderately wounded.
The adder bites you but does no damage. The adder closely misses you.
You miss the adder.
The adder is moderately wounded.
You block the adder's attack. The adder bites you.
Casting: Shock (safe; 7% risk of failure)
Confirm with . or Enter, or press ? or * to list all spells.
Aiming: Shock (safe; 7% risk of failure)
Press: ? - help, Shift-Dir - straight line, f/p - adder
Aim: an adder (moderately wounded, 48% to hit)
The zap hits the adder.
The adder is severely wounded.
You block the adder's attack.
You sock the adder!
You kill the adder!
The bat misses you. The bat hits you but does no damage.
You miss the bat.
Your tail-slap misses the bat.
The bat hits you but does no damage. The bat hits you.
The bat hits you but does no damage. The bat hits you but does no damage.
The bat hits you but does no damage.
Number of times to repeat, then command key: You must enter the number of times for the command to repeat.
You block the bat's attack. The bat barely misses you.
Number of times to repeat, then command key: You must enter the number of times for the command to repeat.
Are you sure you want to abandon this character and quit the game? (Confirm with "yes".)

#<#
#.#.....#..####.###
#.#
#.##...............
...
####.##.#.###########.
##.##
#....##.#.............
..#
#............####.....
#.#
#....#..####.#....<..#
...
......#..#.#.####...
#.#
##.####.#b##..#.#.#
....
........@.#.......#
##.#.
.#####.#####)#.###
#... #.......#.# ....
#########.# ##. #..
###


You could see a bat.

Vanquished Creatures
  2 adders (D:2)
  A worm (D:2)
  A dart slug (D:1)
  A giant cockroach (D:1)
  4 goblins
  2 hobgoblins
  A quokka (D:1)
  3 ball pythons (D:1)
  2 bats (D:1)
  A frilled lizard (D:1)
  4 rats
22 creatures vanquished.

Notes
Turn   | Place    | Note
-------+----------+-------------------------------------------
     0 | D:1      | garrulousMonolith the Draconian Air Elementalist began the
                  | quest for the Orb.
     0 | D:1      | Reached XP level 1. HP: 14/14 MP: 3/3
    65 | D:1      | Found a faded altar of an unknown god.
   291 | D:1      | Reached XP level 2. HP: 22/22 MP: 0/5
  1105 | D:2      | Learned a level 2 spell: Static Discharge
  1229 | D:2      | Reached XP level 3. HP: 26/27 MP: 2/6
  1231 | D:2      | Found Zipimiff's Weapon Shoppe.
  1347 | D:2      | Quit the game

Illustrated notes

Levels and vault maps discovered:
D:1:      beargit_arrival_diablo_church, layout_loops_ring,
          dreamdust_ecumenical_altar_angels_and_demons,
          grunt_decor_mini_mirrors, feat_on_display
D:2:      layout_basic, serial_shops, shop, hangedman_decor_points,
          minmay_snake_closets

Skill      XL: |  1  2 |
---------------+-------+-----
Dodging        | 2 |  2.0
Fighting       | |  0.9
Stealth        | |  1.7
Spellcasting   | |  2.2
Conjurations   | |  1.9
Air Magic      | |  3.5

Action                   || total
-------------------------++-------
Melee: Unarmed           ||     4
       Quarterstaff      ||    13
       Tailslap          ||     3
       Dagger            ||     2
 Cast: Shock             ||    50
Armor: Skin              ||    13
Dodge: Dodged            ||    22
Block: Other             ||     6
